 Dungeon Crawl Stone Soup version 0.19-a0-854-gc78d25d (webtiles) character file.

9 Implojin the Skirmisher (level 2, 0/26 HPs)
             Began as a Minotaur Abyssal Knight on July 1, 2016.
             Was an Initiate of Lugonu.
             Succumbed to an adder's poison
             ... on level 2 of the Dungeon.
             The game lasted 00:00:18 (29 turns).

Implojin the Skirmisher (Minotaur Abyssal Knight)     Turns: 29, Time: 00:00:19

Health: 0/26       AC:  3    Str: 16    XL:     2   Next: 3%
Magic:  2/2        EV: 11    Int:  9    God:    Lugonu [......]
Gold:   0          SH:  0    Dex:  9    Spells: 0 memorised, 1 level left

rFire  . . .     SeeInvis .     a - +1 hand axe
rCold  . . .     Gourm    .     b - +0 leather armour
rNeg   . . .     Faith    .     (no shield)
rPois  .         Spirit   .     (helmet restricted)
rElec  .         Dismiss  .     (no cloak)
rCorr  .         Reflect  .     (no gloves)
SustAt .         Harm     .     (no boots)
MR     .....                    (no amulet)
Stlth  +.........               (no ring)
                                (no ring)

@: lethally poisoned (0 -> -5), not resistant to hostile enchantments, very
unstealthy
A: retaliatory headbutt, horns 2
a: Renounce Religion


You were on level 2 of the Dungeon.
You worshipped Lugonu.
Lugonu was noncommittal.
You were not hungry.

You visited 1 branch of the dungeon, and saw 2 of its levels.
You visited the Abyss 1 time.

Inventory:

Hand Weapons
 a - a +1 hand axe (weapon)
Armour
 b - a +0 leather armour (worn)
Comestibles
 c - a bread ration


   Skills:
 - Level 3.6 Fighting
 * Level 3.4 Axes
 - Level 2.4 Armour
 - Level 1.1 Dodging
 - Level 1.7 Invocations


You had one spell level left.
You didn't know any spells.

Dungeon Overview and Level Annotations

Branches:
Dungeon (2/15)

Altars:


Innate Abilities, Weirdness & Mutations

You reflexively headbutt those who attack you in melee.
You have a pair of horns on your head.


Message History

The adder is almost dead.
The adder bites you.
You are poisoned.
The adder poisons you!
You closely miss the adder.
The adder is almost dead.
You feel sick. The adder bites you.
You are more poisoned.
The adder poisons you! The adder bites you.
* * * LOW HITPOINT WARNING * * *
You closely miss the adder.
The adder is severely wounded.
* * * LOW HITPOINT WARNING * * *
You feel sick. The adder bites you but does no damage.
Unknown command.
You miss the adder.
The adder is severely wounded.
* * * LOW HITPOINT WARNING * * *
You feel sick. The adder bites you.
* * * LOW HITPOINT WARNING * * *
The adder completely misses you. You furiously retaliate!
You headbutt the adder!
You kill the adder!
Lugonu accepts your kill.
Your Axes skill increases to level 3!
You have reached level 2!
You aren't carrying any potions.
You aren't carrying any spellbooks or scrolls.
Unknown command.
Found a murky pink potion.
* * * LOW HITPOINT WARNING * * *
You feel sick. 2 goblins come into view.
* * * LOW HITPOINT WARNING * * *
You feel sick.
The goblin shouts! x2
The goblin wields a hunting sling.
The goblin shoots a stone.
The stone closely misses you.
You see here a stone.
You die...

####### #.....###
#.....+.#
###.....#.#
........#.#
#......#.##########
#. #............g.
#. #†##..(@.###
#.###.........!.g..
#.#......###.......
#.#.####.# ##.....
#.<....#... .....
#.....#.###.# ....
#.(....... .# ##+
#.#...#.### #
#.#####.#


You could see 2 goblins.

Vanquished Creatures
  An adder (D:2)
1 creature vanquished.

Notes
Turn   | Place    | Note
-------+----------+-------------------------------------------
     0 | Abyss:1  | Implojin the Minotaur Abyssal Knight began the quest for the Orb.
     0 | Abyss:1  | Reached XP level 1. HP: 19/19 MP: 1/1
     2 | D:1      | Escaped the Abyss
    24 | D:2      | Reached skill level 3 in Axes
    24 | D:2      | Reached XP level 2. HP: 3/26 MP: 2/2
    28 | D:2      | HP: 1/26 [poisoned by an adder]
    29 | D:2      | Succumbed to an adder's poison

Vault maps used:
D:1:      tarquinn_simple_flora_water_b, serial_co_window_serial,
          co_window_paths_b, co_window_paths_a, co_window_corner_a,
          co_window_cross_1, co_window_paths_a, co_window_corner_a,
          co_window_cross_1, co_window_corner_b, co_window_paths_c,
          co_window_of_opportunity_c, co_window_corner_b, co_window_cross_2,
          co_window_2corner, co_window_corner_cb, glass_columns_a,
          glass_columns_a, glass_columns_a
D:2:      nicolae_overflow_hidden_temple, old_standard_altar, moated_statue,
          uniq_robin

Skill      XL: |  1 |
---------------+----+-----
Axes           | 3 |  3.4
Fighting       | |  3.6
Armour         | |  2.4
Dodging        | |  1.1
Invocations    | |  1.7

Action                   || total
-------------------------++-------
Melee: Hand axe          ||     6
Invok: Depart the Abyss  ||     1
Armor: Leather armour    ||     3
Dodge: Dodged            ||     4

Table legend:
 A = Turns spent in this place as a percentage of turns spent in the entire game.
 B = Non-inter-level travel turns spent in this place as a percentage of non-inter-level travel turns spent in the entire game.
 C = Inter-level travel turns spent in this place as a percentage of turns spent in this place.
 D = Turns resting spent in this place as a percentage of non-inter-level travel turns spent in this place.
 E = Turns spent auto-exploring this place as a percentage of non-inter-level travel turns spent in this place.
 F = Non-inter-level travel turns spent in this place divided by the number of levels of this place that you've seen.
                   A       B       C       D       E      F
               +-------+-------+-------+-------+-------+----------------------
         Total | 100.0 | 100.0 |   0.0 |   0.0 |   0.0 |  12.0
       Dungeon |  91.7 |  91.7 |   0.0 |   0.0 |   0.0 |  16.5
         Abyss |   8.3 |   8.3 |   0.0 |   0.0 |   0.0 |   3.0
               +-------+-------+-------+-------+-------+----------------------

Table legend:
 A = Kills in this place as a percentage of kills in entire the game.
 B = Kills by you in this place as a percentage of kills by you in the entire game.
 C = Kills by friends in this place as a percentage of kills by friends in the entire game.
 D = Other kills in this place as a percentage of other kills in the entire game.
 E = Experience gained in this place as a percentage of experience gained in the entire game.
 F = Experience gained in this place divided by the number of levels of this place that you have seen.
                   A       B       C       D       E      F
               +-------+-------+-------+-------+-------+----------------------
         Total | 100.0 | 100.0 |  -nan |  -nan | 100.0 |   4.3
       Dungeon | 100.0 | 100.0 |  -nan |  -nan | 100.0 |   6.5
               +-------+-------+-------+-------+-------+----------------------
